 Dungeon Crawl Stone Soup version 0.28-a0-793-g31680bbd8b (webtiles) character file.

Game seed: 10044392142764055755

58 demibob the Ruffian (level 4, 0/38 HPs)
             Began as a Ghoul Monk on Nov 4, 2021.
             Slain by a hobgoblin (3 damage)
             ... on level 2 of the Dungeon.
             The game lasted 00:01:38 (1153 turns).

demibob the Ruffian (Ghoul Monk)                    Turns: 1153, Time: 00:01:39

Health: 0/38       AC:  2    Str: 14    XL:     4   Next: 2%
Magic:  3/3        EV:  6    Int:  5    God:
Gold:   59         SH:  7    Dex: 12    Spells: 3/3 levels left

rFire   . . .      SeeInvis .     - Unarmed
rCold   + . .      Faith    .   c - +0 kite shield
rNeg    + + +      Spirit   .   a - +0 robe
rPois   ∞          Reflect  .   (no helmet)
rElec   .          Harm     .   (no cloak)
rCorr   .          Rampage  .   (no gloves)
Will    .....                   (no boots)
Stlth   ++........              (no amulet)
HPRegen 0.00/turn               (no ring)
MPRegen 0.08/turn               (no ring)

@: inhibited regen, constricted
A: claws 1, cold resistance 1, negative energy resistance 3, inhibited
regeneration, torment resistance 2
a: no special abilities


You were on level 2 of the Dungeon.
You visited 1 branch of the dungeon, and saw 2 of its levels.

You collected 59 gold pieces.


Innate Abilities, Weirdness & Mutations

You thrive by killing the living.
You are immune to poison.
You have sharp fingernails.
Your flesh is cold resistant. (rC+)
You are immune to negative energy. (rN+++)
You do not regenerate when monsters are visible.
You are immune to unholy pain and torment.


   Skills:
 - Level 3.2 Fighting
 - Level 2.6 Dodging
 - Level 2.1 Stealth
 + Level 1.6 Shields
 + Level 4.6 Unarmed Combat


You had 3 spell levels left.
You didn't know any spells.
Your spell library contained the following spells:

 Spells                   Type           Power      Damage    Failure   Level
 Animate Skeleton         Necr           0%         N/A       96%         1
 Pain                     Necr           0%         1d4       96%         1
 Vampiric Draining        Necr           0%         2d6       100%        3

Inventory:

Armour
 a - a +0 robe (worn)
 c - a +0 kite shield (worn)
 e - a +0 pair of boots
Jewellery
 b - an amulet of faith {!P}
Scrolls
 g - a scroll of vulnerability {unknown}

Dungeon Overview and Level Annotations

Branches:
Dungeon (2/15)

Altars:

8### ...# .. #######
#..#### . ##8#. #. ..#
.. ..... #.###.. ...
..... #.....# .... .....
#.....###.... ##8#.
#.............# ####
#....g..........# #
#...<@S.# #..#...
#......## #......
#.......###.#.#.#
........!.......#.### ##
######..##..#.###...##..
#...#...#.# #.......
#..#...#...###...#...
#.##>#####.....###... #.
#.# #.###.#.....


You could see a hobgoblin and a ball python.


Message History

The hobgoblin shouts!
You hear an angry hiss.
The hobgoblin hits you with a +0 spear!
You barely miss the hobgoblin. The hobgoblin barely misses you.
A ball python comes into view.
You scratch the hobgoblin but do no damage.
The hobgoblin hits you but does no damage.
You scratch the hobgoblin but do no damage.
The hobgoblin hits you but does no damage.
The hobgoblin hits you with a +0 spear.
You barely miss the hobgoblin. The hobgoblin hits you with a +0 spear.
* * * LOW HITPOINT WARNING * * *
You are too injured to fight recklessly!
You are too injured to fight recklessly!
You closely miss the hobgoblin.
The ball python bites you but does no damage.
The ball python grabs you. The ball python constricts you.
The hobgoblin hits you with a +0 spear!
* * * LOW HITPOINT WARNING * * *
You barely miss the hobgoblin. You block the ball python's attack.
The ball python constricts you. You block the hobgoblin's attack.
You completely miss the hobgoblin. The ball python bites you.
* * * LOW HITPOINT WARNING * * *
The ball python constricts you. The hobgoblin hits you with a +0 spear.
* * * LOW HITPOINT WARNING * * *
The ball python bites you.
* * * LOW HITPOINT WARNING * * *
The ball python constricts you.
It was a potion of berserk rage.
You feel slightly irritated. The hobgoblin hits you with a +0 spear.
You die...

Skill      XL: |  1  2  3 |
---------------+----------+-----
Unarmed Combat | 4 |  4.6
Shields        | 1 |  1.6
Fighting       | |  3.2
Dodging        | |  2.6
Stealth        | |  2.1

Action                   |  1- 3 |  4- 6 || total
-------------------------+-------+-------++-------
Melee: Unarmed           |    69 |     8 ||    77
       Punch             |     1 |       ||     1
  Use: Potion            |     2 |     1 ||     3
       Scroll            |     1 |       ||     1
 Stab: Sleeping          |     1 |       ||     1
Armor: Robe              |    13 |     3 ||    16
Dodge: Dodged            |    35 |     1 ||    36
Block: Kite shield       |    17 |     3 ||    20

Levels and vault maps discovered:
D:1:      denvon_arrival_planthouse, layout_rooms, ebering_ecumenical_altar_rust
D:2:      layout_rooms, serial_corexii_hall, chequers_hall_statues_y,
          corexii_hall_statues_x, guppyfry_early_orc_mine, uniq_terence

Notes
Turn   | Place    | Note
-------+----------+-------------------------------------------
     0 | D:1      | demibob the Ghoul Monk began the quest for the Orb.
     0 | D:1      | Reached XP level 1. HP: 19/19 MP: 0/0
    98 | D:1      | HP: 1/19 [kobold (2)]
   134 | D:1      | Reached XP level 2. HP: 26/26 MP: 1/1
   136 | D:1      | Reached skill level 4 in Unarmed Combat
   396 | D:1      | Found a faded altar of an unknown god.
   761 | D:2      | Reached XP level 3. HP: 31/31 MP: 2/2
   842 | D:2      | Reached skill level 1 in Shields
   926 | D:2      | Noticed Terence
   935 | D:2      | Killed Terence
   939 | D:2      | Reached XP level 4. HP: 30/38 MP: 3/3
  1152 | D:2      | HP: 3/38 [ball python (2)]
  1153 | D:2      | Slain by a hobgoblin

Vanquished Creatures
  Terence (D:2)
  A worm (D:2)
  5 ball pythons (D:1)
  2 bats
  2 goblins (D:1)
  3 hobgoblins
  7 kobolds
  2 quokkas
  4 frilled lizards
  A rat (D:1)
28 creatures vanquished.

Table legend: (Time is in decaauts)
 A = Elapsed time spent in this place.
 B = Non-inter-level travel time spent in this place.
 C = Inter-level travel time spent in this place.
 D = Time resting spent in this place.
 E = Time spent auto-exploring this place.
 F = Levels seen in this place.
 G = Mean time per level.
                   A        B        C        D        E       F      G
               +--------+--------+--------+--------+--------+-----+--------+
         Total |   1162 |   1135 |     27 |      0 |    919 |   2 |  581.0 |
       Dungeon |   1162 |   1135 |     27 |      0 |    919 |   2 |  581.0 |
               +--------+--------+--------+--------+--------+-----+--------+

Top non-repeatable levels by time:
     D:1: 754 daAuts
     D:2: 408 daAuts

Table legend:
 A = Non-vault XP
 B = Vault XP
 C = Vault XP percentage of total XP
 D = Non-vault monster count
 E = Vault monster count
 F = Vault count percentage of total count
                 A         B        C        D         E       F
            +---------+---------+-------+---------+---------+-------
      Total |      46 |      38 |  45.2 |      27 |       1 |   3.6
            +---------+---------+-------+---------+---------+-------
        D:1 |      29 |       0 |   0.0 |      19 |       0 |   0.0
        D:2 |      17 |      38 |  69.1 |       8 |       1 |  11.1
            +---------+---------+-------+---------+---------+-------
